 Dungeon Crawl Stone Soup version 0.15.2 (webtiles) character file.

961 neka1994 the Skirmisher (level 8, -2/71 HPs)
             Began as a Hill Orc Fighter on Sept 15, 2017.
             Slain by an elf zombie (5 damage)
             ... in an ossuary on July 16, 2018.
             The game lasted 00:28:16 (4457 turns).

neka1994 the Skirmisher (Hill Orc Fighter)          Turns: 4457, Time: 00:28:16

HP  -2/71        AC 12     Str 21      XL: 8   Next: 15%
MP  14/14        EV  5     Int  8      God:
Gold 182         SH  9     Dex 10      Spells:  0 memorised, 12 levels left

rFire  . . .     SeeInvis .     a - +0 war axe
rCold  . . .     Clarity  .     l - +0 chain mail
rNeg   . . .     rCorr    .     c - +0 shield
rPois  .         rRot     .     (no helmet)
rElec  .         Spirit   .     (no cloak)
SustAb .         Warding  .     h - +1 pair of gloves
rMut   .         Stasis   .     (no boots)
Gourm  .                        (no amulet)
MR     +....                    (no ring)
                                t - ring of protection from magic

@: somewhat resistant to hostile enchantments, extremely unstealthy
A: no striking features
a: no special abilities


You were in an ossuary.
You were hungry.

You visited 1 branch of the dungeon, and saw 5 of its levels.
You also visited: Ossuary.

You collected 182 gold pieces.

Inventory:

Hand weapons
 a - a +0 war axe (weapon)
Armour
 c - a +0 shield (worn)
 h - a +1 pair of gloves (worn)
 l - a +0 chain mail (worn)
Magical devices
 n - a wand of digging (9) {unknown}
 p - a wand of magic darts (4)
Comestibles
 d - 3 meat rations
 j - a bread ration
 k - a rotting chunk of jackal flesh
 m - 2 fruits
 o - 2 beef jerkies
Scrolls
 f - 2 scrolls of remove curse
 g - a scroll of blinking
 i - 3 scrolls of teleportation
 x - a scroll of enchant armour
Jewellery
 t - a ring of protection from magic (left hand)
Potions
 e - a potion of lignification
 q - a potion of heal wounds {unknown}
 r - a potion of resistance
 s - a potion of berserk rage
 u - a potion of magic {unknown}
 v - a potion of haste


   Skills:
 + Level 6.6 Fighting
 + Level 6.4 Axes
 + Level 6.1 Armour
 - Level 1.0 Dodging
 - Level 3.2 Shields
 + Level 2.7 Spellcasting


You had 12 spell levels left.
You didn't know any spells.

Dungeon Overview and Level Annotations

Branches:
Dungeon (5/15)
 Temple: D:4-7

Altars:


Message History

The gnoll zombie hits you.
* * * LOW HITPOINT WARNING * * *
The elf zombie hits you but does no damage.
You block the elf zombie's attack.
You closely miss the elf zombie. You hit the elf zombie.
You hit the goblin zombie.
You destroy the goblin zombie!
You slash the elf zombie! You hit the gnoll zombie.
You block the elf zombie's attack.
The gnoll zombie hits you but does no damage.
You block the elf zombie's attack. x2
You closely miss the elf zombie. You slash the elf zombie!
You hit the goblin zombie.
Your chain mail prevents you from hitting the elf zombie.
You hit the gnoll zombie.
The elf zombie hits you but does no damage.
You block the gnoll zombie's attack. You block the goblin zombie's attack.
The elf zombie hits you but does no damage.
The elf zombie hits you.
You die...

### ....... ........
........#####.
................
...............
#..............
...##....Z..........
........@ZZ.........
#......ZZZ..........
#......ZZ..∩........
#..........∩........
#...................
..................
.................
................
..............


You could see a goblin zombie, a hobgoblin zombie, a gnoll zombie, a big kobold
zombie, 3 elf zombies and a human zombie.

Vanquished Creatures
  Grinder (D:3)
  A hippogriff (D:4)
  A centaur (D:5)
  An elf skeleton (D:5)
  The ghost of sophiamann the Skirmisher, a weakling DrCK of Xom (D:3)
  A scorpion (D:4)
  A crimson imp (D:3)
  An orc priest (D:4)
  2 iguanas
  2 worker ants
  Ijyb (D:4)
  A hound zombie (Ossuary)
  A hound skeleton (D:4)
  5 adders
  3 worms
  An ooze (D:1)
  10 orcs
  4 giant cockroaches
  8 hobgoblins
  9 jackals
  A quokka (D:4)
  2 ball pythons
  6 bats
  2 giant geckos (D:2)
  8 giant newts
  20 goblins
  A goblin skeleton (D:4)
  2 goblin zombies (Ossuary)
  2 hobgoblin zombies
  10 kobolds
  A kobold zombie (D:1)
  2 orc skeletons (D:5)
  An orc zombie (D:5)
  8 rats
121 creatures vanquished.

Notes
Turn   | Place    | Note
--------------------------------------------------------------
     0 | D:1      | neka1994, the Hill Orc Fighter, began the quest for the Orb.
     0 | D:1      | Reached XP level 1. HP: 19/19 MP: 1/1
   126 | D:1      | Reached XP level 2. HP: 25/27 MP: 2/2
   860 | D:2      | Reached XP level 3. HP: 28/33 MP: 3/3
   966 | D:2      | Reached skill level 4 in Fighting
  1211 | D:2      | Reached skill level 1 in Dodging
  1211 | D:2      | Reached XP level 4. HP: 40/40 MP: 4/4
  1731 | D:3      | Noticed Grinder
  1740 | D:3      | Paralysed by Grinder for 3 turns
  1751 | D:3      | Killed Grinder
  1751 | D:3      | Reached skill level 5 in Fighting
  1751 | D:3      | Reached skill level 5 in Armour
  1751 | D:3      | Reached skill level 1 in Spellcasting
  1751 | D:3      | Reached XP level 5. HP: 29/48 MP: 4/7
  1751 | D:3      | Reached XP level 6. HP: 33/56 MP: 4/8
  1966 | D:3      | Noticed sophiamann's ghost (weakling DrCK)
  1975 | D:3      | Killed sophiamann's ghost
  1986 | D:3      | Reached skill level 5 in Axes
  2763 | D:4      | Reached XP level 7. HP: 61/61 MP: 10/10
  2788 | D:4      | Noticed a hippogriff
  2811 | D:4      | Killed a hippogriff
  2861 | D:4      | Reached skill level 6 in Fighting
  3865 | D:4      | Noticed Ijyb
  3879 | D:4      | Killed Ijyb
  4174 | D:5      | Entered Level 5 of the Dungeon
  4249 | D:5      | Reached XP level 8. HP: 38/71 MP: 12/14
  4420 | D:5      | Found a sand-covered staircase.
  4429 | Ossuary  | Entered an ossuary
  4455 | Ossuary  | HP: 2/71 [gnoll zombie (5)]
  4457 | Ossuary  | Slain by an elf zombie

Action                   |  1- 3 |  4- 6 |  7- 9 || total
-------------------------+-------+-------+-------++-------
Melee: War axe           |   149 |   137 |   156 ||   442
       Unarmed           |       |       |   101 ||   101
  Use: Potion            |       |     1 |     1 ||     2
       Scroll            |       |       |    11 ||    11
  Eat: Chunk             |     1 |     6 |     5 ||    12
